Map: Catalyst LE

Players

Zest - Winner!

  • Race: Protoss Protoss
  • League: Master
  • Spawn Location: 5:00

JJAKJI

  • Race: Terran Terran
  • League: Platinum
  • Spawn Location: 11:00

Event: HomeStory Cup XVI

VOD

Have the link to the VOD?

Description

Time

  • Played on: Nov. 11, 2017, 5:19 p.m.
  • Length: 13:49

All games in this series

Show
View Real Time Build Order
Export as new Build Order

Zest Protoss - Winner!

Build Orders: 1 Gate Expand, Blink Stalkers 

Get SALT Encoding   

  12  0:02  Probe (Chrono Boost)  
  14  0:14  Probe (Chrono Boost)  
  14  0:17  Pylon  
  14  0:25  Probe (Chrono Boost)  
  15  0:31  Probe (Chrono Boost)  
  16  0:36  Gateway  
  16  0:41  Probe (Chrono Boost)  
  17  0:47  Assimilator  
  17  0:53  Probe (Chrono Boost)  
  19  1:05  Probe (Chrono Boost)  
  19  1:17  Probe (Chrono Boost)  
  20  1:23  Nexus  
  20  1:32  Cybernetics Core  
  20  1:38  Probe (Chrono Boost)  
  21  1:40  Assimilator  
  21  1:50  Probe (Chrono Boost)  
  21  1:51  Pylon  
  22  1:55  Stalker  
  23  2:02  Probe (Chrono Boost)  
  23  2:10  Warp Gate  
  23  2:14  Probe (Chrono Boost)  
  26  2:19  Stalker  
  26  2:26  Probe (Chrono Boost)  
  30  2:38  Probe (Chrono Boost)  
  30  2:39  Robotics Facility  
  30  2:43  Probe (Chrono Boost)  
  31  2:50  Probe (Chrono Boost)  
  32  2:52  Probe (Chrono Boost)  
  32  2:56  Twilight Council  
  33  2:58  Probe (Chrono Boost)  
  33  3:02  Probe (Chrono Boost)  
  35  3:09  Probe (Chrono Boost)  
  36  3:14  Probe (Chrono Boost)  
  36  3:19  Gateway, Observer  
  37  3:21  Gateway  
  37  3:23  Blink  
  39  3:27  Probe (Chrono Boost)  
  39  3:28  Probe (Chrono Boost)  
  40  3:35  Pylon  
  40  3:39  Probe (Chrono Boost)  
  41  3:45  Observer  
  43  3:48  Probe (Chrono Boost)  
  43  3:49  Pylon  
  43  3:52  Probe (Chrono Boost)  
  44  4:00  Probe (Chrono Boost)  
  46  4:04  Probe (Chrono Boost)  
  46  4:14  Stalker x2  
  46  4:16  Stalker  
  52  4:20  Probe x2 (Chrono Boost), Pylon  
  51  4:37  Probe x2 (Chrono Boost)  
  46  4:44  Nexus  
  46  4:45  Stalker  
  43  4:46  Probe x2 (Chrono Boost)  
  43  4:52  Probe x2 (Chrono Boost)  
  47  5:03  Probe x2 (Chrono Boost)  
  47  5:04  Stalker x2  
  54  5:15  Assimilator, Probe (Chrono Boost)  
  54  5:16  Assimilator  
  54  5:18  Probe (Chrono Boost)  
  55  5:21  Forge  
  55  5:27  Probe (Chrono Boost)  
  56  5:30  Probe (Chrono Boost)  
  56  5:31  Pylon  
  57  5:36  Gateway  
  57  5:38  Gateway  
  57  5:40  Probe (Chrono Boost)  
  57  5:43  Observer  
  57  5:46  Probe (Chrono Boost)  
  57  5:48  Forge  
  59  5:51  Probe (Chrono Boost)  
  59  5:56  Protoss Ground Armor Level 1, Probe (Chrono Boost)  
  60  5:57  Probe (Chrono Boost), Protoss Ground Weapons Level 1  
  60  5:58  Sentry  
  60  5:59  Probe (Chrono Boost)  
  60  6:01  Gateway  
  60  6:03  Gateway  
  65  6:09  Gateway  
  65  6:14  Probe (Chrono Boost)  
  65  6:15  Probe (Chrono Boost)  
  65  6:16  Pylon  
  65  6:17  Probe (Chrono Boost)  
  68  6:25  Sentry x2  
  72  6:28  Probe x2 (Chrono Boost)  
  72  6:30  Observer  
  72  6:31  Probe (Chrono Boost)  
  76  6:40  Probe x2 (Chrono Boost)  
  76  6:43  Probe (Chrono Boost)  
  74  6:52  Probe x2 (Chrono Boost)  
  77  6:54  Pylon  
  77  6:55  Assimilator, Probe (Chrono Boost)  
  77  6:56  Observer  
  77  6:59  Stalker x4, Assimilator  
  77  7:00  Charge  
  86  7:02  Stalker x2  
  86  7:07  Shield Battery  
  86  7:08  Shield Battery  
  90  7:11  Probe x3 (Chrono Boost)  
  93  7:22  Immortal  
  99  7:23  Probe x2 (Chrono Boost)  
  99  7:25  Pylon  
  99  7:30  Stalker x2  
  99  7:34  Protoss Ground Weapons Level 2, Protoss Ground Armor Level 2  
  102  7:40  Zealot x3  
  108  7:47  Pylon  
  108  7:48  Pylon  
  108  7:56  Pylon  
  108  8:03  Immortal  
  112  8:05  Pylon  
  112  8:07  Nexus  
  112  8:09  Pylon  
  112  8:12  Pylon  
  112  8:20  Stalker x2  
  112  8:21  Stalker x2  
  120  8:31  Probe x3 (Chrono Boost)  
  123  8:43  Observer  
  123  8:46  Immortal  
  127  8:49  Zealot x2, Templar Archives  
  127  8:50  Zealot x3  
  127  8:55  Pylon  
  137  8:57  Probe x3 (Chrono Boost)  
  140  9:10  Pylon  
  140  9:14  Observer  
  140  9:16  Zealot x7  
  154  9:25  Warp Prism  
  154  9:30  Psionic Storm  
  154  9:38  Stalker x3  
  150  9:41  Protoss Ground Armor Level 3  
  154  9:47  Protoss Shields Level 1  
  154  9:50  Photon Cannon  
  154  9:51  Photon Cannon, Observer  
  154  9:53  High Templar x2  
  154  9:54  Photon Cannon, High Templar x2, Assimilator  
  154  9:56  Assimilator  
  162  10:02  Probe x2 (Chrono Boost)  
  162  10:03  Probe (Chrono Boost)  
  162  10:04  Probe (Chrono Boost)  
  164  10:17  High Templar  
  164  10:18  High Templar x3  
  170  10:23  Gateway  
  170  10:24  Gateway  
  170  10:26  Gateway  
  168  10:28  Archon x2  
  168  10:29  Gateway  
  160  10:45  Zealot x4  
  143  10:52  Zealot  
  143  10:53  Zealot x3  
  111  10:59  Probe (Chrono Boost)  
  111  11:00  Probe x2 (Chrono Boost)  
  104  11:04  Probe (Chrono Boost)  
  104  11:05  Probe (Chrono Boost)  
  104  11:06  Probe (Chrono Boost)  
  107  11:15  Warp Prism, Probe (Chrono Boost)  
  107  11:16  Probe (Chrono Boost)  
  111  11:25  Probe x2 (Chrono Boost)  
  113  11:26  High Templar x3  
  113  11:27  High Templar, Probe (Chrono Boost)  
  113  11:30  High Templar x3, Sentry  
  113  11:32  High Templar, Zealot x3  
  138  11:35  Probe (Chrono Boost)  
  138  11:37  Probe x2 (Chrono Boost)  
  138  11:39  Probe (Chrono Boost)  
  142  11:40  Archon  
  142  11:41  Archon  
  142  11:47  Nexus  
  142  11:49  Probe x2 (Chrono Boost)  
  142  11:50  Probe (Chrono Boost)  
  145  11:55  Stalker  
  145  11:56  Stalker x3  
  153  12:09  Stalker x2  
  153  12:10  Stalker x4  
  153  12:15  Zealot x2, Pylon  
  165  12:33  Archon  
  157  12:37  Observer  
  157  12:43  High Templar x3  
  161  12:46  Stalker  
  161  12:47  Stalker x4  
  161  12:48  Pylon  
  170  12:53  Probe x4 (Chrono Boost), Pylon  
  170  12:55  Pylon  
  170  12:57  Pylon  
  174  12:59  Pylon  
  174  13:05  Nexus, Probe (Chrono Boost)  
  154  13:22  Stalker  
  154  13:23  Stalker  
  155  13:32  Archon  
  149  13:34  Stalker x3, Zealot x2  
  149  13:35  Zealot x4  
Show
View Real Time Build Order
Export as new Build Order

JJAKJI Terran 

Build Orders: Reaper Expand, MMM Bio 

Get SALT Encoding   

  12  0:00  SCV  
  13  0:12  SCV  
  14  0:17  Supply Depot  
  14  0:25  SCV  
  15  0:39  SCV  
  15  0:40  Barracks  
  16  0:44  Refinery  
  16  0:51  SCV  
  17  1:03  SCV  
  18  1:15  SCV  
  19  1:27  Orbital Command  
  19  1:28  Reaper  
  20  1:42  Command Center  
  20  1:53  SCV  
  21  1:55  Barracks  
  21  2:00  Barracks Reactor  
  21  2:05  SCV  
  22  2:10  Barracks  
  22  2:15  Supply Depot  
  22  2:17  SCV  
  23  2:37  SCV, Marine x2  
  23  2:41  Engineering Bay  
  26  2:44  Barracks Tech Lab  
  26  2:49  SCV  
  27  2:55  Orbital Command  
  27  2:57  Marine x2  
  29  2:59  Marine  
  29  3:03  Marauder  
  29  3:04  Concussive Shells  
  32  3:06  SCV  
  33  3:14  Marine x2  
  35  3:24  Marauder  
  35  3:25  SCV  
  38  3:27  SCV  
  38  3:29  Marine  
  38  3:31  Supply Depot  
  38  3:32  Marine  
  41  3:34  Marine  
  41  3:38  SCV  
  41  3:39  SCV  
  44  3:47  Stimpack  
  44  3:53  Marauder, Marine x3  
  49  3:56  Refinery, SCV  
  49  3:57  SCV  
  51  4:03  Refinery  
  51  4:07  Supply Depot  
  51  4:15  SCV  
  51  4:16  SCV  
  51  4:17  Marine  
  53  4:20  Terran Infantry Weapons Level 1  
  54  4:29  SCV x2, Marine x3  
  51  4:41  Marine  
  51  4:44  SCV x2  
  50  4:46  Supply Depot  
  50  4:47  Supply Depot, Marauder  
  50  4:48  Barracks Tech Lab  
  50  4:49  Marine  
  51  4:53  Bunker  
  51  4:56  SCV x2  
  51  4:59  Marine  
  54  5:01  Factory  
  54  5:07  Marine  
  54  5:08  Marauder, SCV x2  
  54  5:11  Marauder  
  60  5:17  Marine  
  60  5:19  Combat Shields  
  60  5:20  SCV x2  
  63  5:25  Marine  
  64  5:30  Marauder  
  64  5:32  Marauder  
  64  5:35  Marine  
  68  5:42  Marine  
  68  5:43  SCV x2  
  68  5:49  Starport, Factory Reactor  
  70  5:51  Marauder  
  70  5:52  Marine  
  70  5:53  Command Center  
  70  5:54  Marauder, Supply Depot  
  76  5:57  SCV x2  
  77  6:08  Missile Turret  
  77  6:09  Supply Depot  
  77  6:10  Marine  
  78  6:15  Marine  
  78  6:16  Marauder x2  
  78  6:17  Missile Turret  
  78  6:18  SCV  
  83  6:29  Terran Infantry Armor Level 1  
  83  6:30  SCV x2  
  85  6:34  Refinery  
  85  6:38  Medivac  
  85  6:39  Medivac  
  88  6:43  Factory Reactor  
  88  6:44  SCV x2  
  90  6:47  Marauder x2  
  94  6:54  Supply Depot  
  94  7:00  Supply Depot  
  94  7:03  Barracks  
  94  7:04  Liberator  
  94  7:05  Barracks  
  94  7:07  Supply Depot  
  94  7:11  Liberator  
  94  7:15  Marine x2  
  94  7:16  Marauder x2, SCV x2  
  108  7:31  Widow Mine  
  108  7:33  Widow Mine  
  108  7:36  SCV x2  
  114  7:39  Supply Depot  
  114  7:43  Marauder  
  115  7:45  Marauder  
  115  7:48  Marine  
  118  7:56  SCV  
  118  8:00  SCV, Marine  
  120  8:10  Missile Turret  
  126  8:16  Medivac x2, Marauder x2  
  126  8:17  Barracks Reactor, Barracks Tech Lab  
  126  8:18  Marine x2  
  130  8:20  SCV x2  
  130  8:24  Supply Depot  
  130  8:26  Supply Depot  
  132  8:27  Widow Mine  
  132  8:32  Orbital Command  
  134  8:36  Marine x2  
  134  8:37  Marine x3  
  134  8:40  Liberator x2  
  130  8:49  Widow Mine  
  130  8:53  Marine  
  130  8:54  Marine  
  130  8:55  Marauder x2, Widow Mine  
  146  9:08  Marauder  
  148  9:10  Marine x2  
  148  9:11  Marine x2  
  148  9:13  Refinery  
  148  9:14  Refinery, Supply Depot  
  148  9:15  Supply Depot  
  148  9:16  Supply Depot, Marauder x2  
  156  9:18  Armory  
  156  9:24  Engineering Bay  
  156  9:28  Missile Turret  
  156  9:29  Liberator  
  156  9:30  Missile Turret, Marine  
  157  9:31  Marine x2  
  157  9:34  Marine  
  157  9:36  Marauder  
  157  9:38  Marauder x2  
  167  9:39  SCV x2  
  167  9:40  SCV  
  166  9:50  Starport  
  166  9:51  SCV  
  166  9:52  Liberator  
  170  9:56  Supply Depot  
  170  10:00  Marine x3  
  170  10:01  Marauder x2, Marine  
  170  10:02  Marauder  
  180  10:08  Liberator  
  180  10:11  Liberator  
  181  10:19  Marine x4  
  178  10:43  Marauder x2  
  178  10:45  Marauder, Marine x4  
  178  10:48  Medivac  
  181  10:52  Medivac  
  152  11:02  Marine  
  152  11:03  Marine x3  
  115  11:04  Marauder x2  
  115  11:06  Marauder, Liberator  
  121  11:13  Command Center  
  120  11:18  Medivac x2  
  120  11:20  Marine  
  120  11:22  Marine x3  
  136  11:26  Marauder x2  
  136  11:28  Marauder  
  136  11:29  Terran Infantry Weapons Level 2  
  137  11:34  Barracks  
  137  11:36  Barracks  
  137  11:37  Liberator, Barracks  
  137  11:38  Marine  
  138  11:47  Marauder x2, Liberator  
  140  11:49  Marauder  
  140  11:50  Marine x3  
  147  11:56  Marine  
  153  12:08  Marauder x2  
  153  12:10  Marauder  
  157  12:21  Marine x4  
  157  12:22  Marine  
  161  12:24  Liberator x2  
  155  12:30  Marauder x2  
  155  12:32  Marauder  
  155  12:36  Marine  
  155  12:37  Marine  
  151  12:39  Marine  
  153  12:51  Marauder x2  
  153  12:53  Marauder  
  153  12:56  Marine, Barracks Reactor, Barracks Tech Lab x2  
  153  12:57  Ghost Academy  
  155  12:59  Missile Turret, Marine x2  
  157  13:11  Sensor Tower  
  149  13:12  Marauder  
  149  13:13  Marauder  
  149  13:15  Marauder x3  
  125  13:28  Marine x2  
Tags
 
Add a new tag
Caveats
  • Supply blocks, unpowered buildings, or Contaminate may cause inaccurate times.
  • Supply counts are checked every 10 seconds.